 Dungeon Crawl Stone Soup version 0.30-a0-390-g80c34de65d (webtiles) character file.

Game seed: 17586922328893242151

681 Grillzange the Trooper (level 7, -7/54 HPs)
             Began as a Djinni Fire Elementalist on Dec 4, 2022.
             Mangled by an ice beast (16 damage)
             ... on level 5 of the Dungeon.
             The game lasted 00:05:35 (4493 turns).

Grillzange the Trooper (Djinni Fire Elementalist)   Turns: 4493, Time: 00:05:36

Health: -7/54      AC:  3    Str:  7    XL:     7   Next: 92%
Gold:   242        EV: 12    Int: 18    God:
                   SH:  0    Dex: 14

rFire   + + .      SeeInvis .    (no weapon)
rCold   x . .      Faith    .    (no shield)
rNeg    . . .      Spirit   .    a - +1 robe
rPois   ∞          Reflect  .    (no helmet)
rElec   .          Harm     .    (no cloak)
rCorr   .          Rampage  .    (no gloves)
Will    .....                    (boots unavailable)
Stlth   ++........               (no amulet)
HPRegen 0.29/turn                (no ring)
MPRegen 0.00/turn                (no ring)

@: flying
A: sickness immunity, fire resistance 2, cold vulnerability 1, float, innate
caster, HP casting, extra vitality 1
a: no special abilities


You were on level 5 of the Dungeon.
You visited 1 branch of the dungeon, and saw 5 of its levels.
You also visited: Sewer.

You collected 242 gold pieces.

Inventory:

Armour
 a - a +1 robe (worn)
Jewellery
 g - a ring of fire
Scrolls
 b - a scroll of enchant armour
 e - 4 scrolls of identify
 h - 4 scrolls of teleportation {unknown}
 i - a scroll of blinking {unknown}
 j - a scroll of amnesia {unknown}
 o - a scroll of magic mapping
 r - a scroll of noise {unknown}
 t - a scroll of vulnerability {unknown}
 u - a scroll of fear {unknown}
Potions
 c - a potion of mutation
 d - a potion of berserk rage {unknown}
 f - a potion of magic {unknown}
 k - 2 potions of degeneration {unknown}
 l - a potion of flight {unknown}
 m - 2 potions of curing {unknown}
 n - 2 potions of haste {unknown}
 p - a potion of might {unknown}
 q - a potion of attraction {unknown}
 s - a potion of lignification {unknown}


   Skills:
 + Level 5.5 Fighting
 - Level 2.1 Dodging
 - Level 1.5 Stealth
 + Level 5.0 Spellcasting


You couldn't memorise any spells.
You knew the following spells:

 Your Spells              Type           Power      Damage    Failure   Level
a - Foxfire               Conj/Fire      88%        2x1d8     1%          1
b - Scorch                Fire           44%        2d7       2%          2
c - Kindle Blastsparks    Fire/Tloc/Air  44%        2d13      4%          3
d - Inner Flame           Hex/Fire       22%        N/A       4%          3
e - Flame Wave            Conj/Fire      22%        2d8       17%         4
f - Beastly Appendage     Tmut           44%        N/A       1%          1
g - Static Discharge      Conj/Air       44%        2-4/arc   2%          2
h - Vampiric Draining     Necr           22%        2d7       4%          3
Your spell library was empty.

Dungeon Overview and Level Annotations

Branches:
Dungeon (5/15)              Sewer (visited)
 Temple: D:4-7

Altars:
Uskayaw

Shops:
D:4 [


Innate Abilities, Weirdness & Mutations

You are immune to sickness and miasma.
You are immune to poison.
Your flesh is very heat resistant. (rF++)
You are vulnerable to cold. (rC-)
You float through the air rather than walking.
You learn spells naturally, not from books.
Your magical power is your life essence.
You have superior vitality. (+4 MHP)


Message History

Found a trident.
You now have 212 gold pieces (gained 14).
You see here the +1 leather armour of Ewkeroet {rN+ Int+2}.
Found a stone staircase leading up.
You now have 228 gold pieces (gained 16).
You now have 242 gold pieces (gained 14).
An ice beast comes into view.
An ice beast is nearby!
An ice beast is nearby!
An ice beast is nearby!
You conjure some foxfire!
You conjure some foxfire!
The foxfire hits the ice beast.
The ice beast melts!
The ice beast is lightly wounded.
The foxfire hits the ice beast.
The ice beast is lightly wounded.
The foxfire hits the ice beast.
The ice beast melts!
The ice beast is moderately wounded.
You conjure some foxfire!
Your foxfire dissipates!
The foxfire hits the ice beast but does no damage.
The ice beast is moderately wounded.
The foxfire hits the ice beast.
The ice beast melts!
The ice beast is heavily wounded.
The ice beast hits you. The ice beast freezes you!!
You feel a terrible chill!
You conjure some foxfire!
The ice beast hits you. The ice beast freezes you!
You feel a terrible chill!
* * * LOW HITPOINT WARNING * * *
Casting: Foxfire (safe; 1% risk of failure)
Confirm with . or Enter, or press ? or * to list all spells.
Flames lash the ice beast but do no damage.
* * * LOW HITPOINT WARNING * * *
The foxfire hits the ice beast.
The ice beast is heavily wounded.
The foxfire hits the ice beast!
The ice beast melts!
The ice beast is severely wounded.
The ice beast hits you.
* * * LOW HITPOINT WARNING * * *
The ice beast freezes you!
You feel a terrible chill!
You die...

## ... ....#
#Y#.. ##.#.# #
#....##.# # #.
.../ #.##.##.#
#.....Y.#
####..@## ###§#
#.# #.# #.#
##.# #.# #..# #
#.#.#..# .#
#.#.#..#####...
#.#..........##
#.###..........


You could see an ice beast.

Vanquished Creatures
  Sigmund (D:2)
  Blork the orc (D:4)
  An elf skeleton (D:4)
  A hound (D:4)
  An orc priest (D:3)
  A human skeleton (D:4)
  An iguana (D:4)
  3 gnolls (D:2)
  10 adders
  6 river rats (Sewer)
  2 worms (D:4)
  5 dart slugs
  6 orcs
  6 endoplasms
  6 giant cockroaches
  4 goblins
  4 hobgoblins
  5 kobolds
  4 quokkas
  6 ball pythons
  3 bats
  6 frilled lizards
  3 orc skeletons (D:4)
  An orc zombie (D:4)
  19 rats
106 creatures vanquished.

Vanquished Creatures (others)
  476 foxfires
476 creatures vanquished.

Grand Total: 582 creatures vanquished

Notes
Turn   | Place    | Note
-------+----------+-------------------------------------------
     0 | D:1      | Grillzange the Djinni Fire Elementalist began the quest for
                  | the Orb.
     0 | D:1      | Grillzange set off with the following spells memorised:
                  | Foxfire, Scorch, Kindle Blastsparks, Inner Flame, Flame
                  | Wave.
     0 | D:1      | Reached XP level 1. HP: 15/15 MP: 0/0
   250 | D:1      | Reached skill level 1 in Fighting
   250 | D:1      | Reached XP level 2. HP: 6/22 MP: 0/0
   744 | D:1      | Reached XP level 3. HP: 27/27 MP: 0/0
   744 | D:1      | Learned a level 1 spell: Beastly Appendage
  1211 | D:2      | Reached XP level 4. HP: 32/33 MP: 0/0
  1487 | D:2      | Noticed Sigmund
  1504 | D:2      | Killed Sigmund
  1505 | D:2      | Reached XP level 5. HP: 2/41 MP: 0/0
  1505 | D:2      | Learned a level 2 spell: Static Discharge
  1505 | D:2      | Reached XP level 6. HP: 3/47 MP: 0/0
  2967 | D:4      | Found a glowing drain.
  2975 | Sewer    | Entered a sewer
  3069 | Sewer    | Reached XP level 7. HP: 45/53 MP: 0/0
  3069 | Sewer    | Learned a level 3 spell: Vampiric Draining
  3647 | D:4      | Found Leutuzod's Antique Armour Shoppe.
  3668 | D:4      | Found a hide-covered altar of Uskayaw.
  3718 | D:4      | Reached skill level 5 in Fighting
  4047 | D:4      | Noticed Blork the orc
  4053 | D:4      | Killed Blork the orc
  4356 | D:4      | Reached skill level 5 in Spellcasting
  4424 | D:5      | Entered Level 5 of the Dungeon
  4462 | D:5      | Identified the +1 leather armour of Ewkeroet {rN+ Int+2}
  4493 | D:5      | Mangled by an ice beast

Illustrated notes

Levels and vault maps discovered:
D:1:      zelgadis_glass_arrival_small, layout_loops_ring,
          minmay_misc_feat_columns
D:2:      layout_rooms, uniq_sigmund
D:3:      layout_loops_ring, minmay_hedge_maze
D:4:      layout_rooms, old_standard_altar, gup_sewer_entry_bubbles,
          serial_shops, shop, nicolae_ossuary_entry_catacombs,
          uniq_blork_the_orc
D:5:      layout_loops_cross

Skill      XL: |  1  2  3  4  5  6  7 |
---------------+----------------------+-----
Fighting       | 1 2 4 5 |  5.5
Spellcasting   | 3 4 5 |  5.0
Dodging        | |  2.1
Stealth        | |  1.5

Action                   |  1- 3 |  4- 6 |  7- 9 || total
-------------------------+-------+-------+-------++-------
Melee: Unarmed           |       |     2 |       ||     2
 Cast: Foxfire           |    87 |   111 |    89 ||   287
       Scorch            |     4 |     8 |    24 ||    36
       Static Discharge  |       |     4 |     3 ||     7
  Use: Scroll            |       |     3 |       ||     3
Armor: Robe              |     4 |     3 |     9 ||    16
Dodge: Dodged            |    17 |    19 |    12 ||    48

Table legend: (Time is in decaauts)
 A = Elapsed time spent in this place.
 B = Non-inter-level travel time spent in this place.
 C = Inter-level travel time spent in this place.
 D = Time resting spent in this place.
 E = Time spent auto-exploring this place.
 F = Levels seen in this place.
 G = Mean time per level.
                   A        B        C        D        E       F      G
               +--------+--------+--------+--------+--------+-----+--------+
         Total |   4491 |   4328 |    163 |     34 |   3446 |   6 |  748.5 |
       Dungeon |   3867 |   3704 |    163 |     34 |   3003 |   5 |  773.4 |
         Sewer |    623 |    623 |      0 |      0 |    443 |   1 |  623.0 |
               +--------+--------+--------+--------+--------+-----+--------+

Top non-repeatable levels by time:
     D:2: 1006 daAuts
     D:1: 999 daAuts
     D:3: 915 daAuts
     D:4: 877 daAuts
   Sewer: 623 daAuts
     D:5: 68 daAuts
